 Dungeon Crawl Stone Soup version 0.26-a0-663-g36e8fdb655 (webtiles) character file.

Game seed: 2332404772182034154

154 Borbozo the Magician (level 5, -1/28 HPs)
             Began as a Deep Elf Hedge Wizard on Oct 9, 2020.
             Slain by a bullfrog (6 damage)
             ... on level 4 of the Dungeon.
             The game lasted 00:32:00 (5805 turns).

Borbozo the Magician (Deep Elf Hedge Wizard)        Turns: 5805, Time: 00:32:00

Health: -1/28      AC:  3    Str:  7    XL:     5   Next: 13%
Magic:  8/16       EV: 14    Int: 20    God:
Gold:   197        SH:  0    Dex: 20    Spells: 10/17 levels left

rFire    x . .     SeeInvis .   a - +0 dagger
rCold    + . .     Faith    .   (no shield)
rNeg     . . .     Spirit   .   b - +0 robe
rPois    .         Reflect  .   c - +0 hat
rElec    .         Harm     .   (no cloak)
rCorr    .         Rampage  .   e - +0 pair of gloves
MR       .....                  (no boots)
Stlth    +++.......             (no amulet)
HPRegen  0.09/turn              q - ring of ice
MPRegen  0.15/turn              u - +6 ring of dexterity

@: no status effects
A: no striking features
a: no special abilities


You were on level 4 of the Dungeon.
You visited 1 branch of the dungeon, and saw 4 of its levels.

You collected 197 gold pieces.

Inventory:

Hand Weapons
 a - a +0 dagger (weapon)
 g - a +0 dagger
Missiles
 n - 7 javelins (quivered)
 o - 25 bolts
Armour
 b - a +0 robe (worn)
 c - a +0 hat (worn)
 e - a +0 pair of gloves (worn)
 i - a +0 robe
Jewellery
 q - a ring of ice (left hand)
 u - a +6 ring of dexterity (right hand)
Scrolls
 d - a scroll of teleportation {unknown}
 f - a scroll of fear {unknown}
 h - 3 scrolls of identify
 k - 2 scrolls of magic mapping {unknown}
 l - a scroll of enchant armour {unknown}
 r - 3 scrolls of remove curse {unknown}
 s - 2 scrolls of fog {unknown}
 v - a scroll of blinking {unknown}
Potions
 j - 3 potions of might {unknown}
 m - a potion of stabbing {unknown}
 p - 3 potions of lignification {unknown}
 t - a potion of cancellation {unknown}


   Skills:
 + Level 2.9 Dodging
 + Level 2.9 Stealth
 + Level 6.7 Spellcasting
 + Level 1.6 Conjurations
 + Level 0.4 Hexes
 + Level 2.5 Summonings
 + Level 1.2 Translocations


You had 10 spell levels left.
You knew the following spells:

 Your Spells              Type           Power        Failure   Level
a - Magic Dart            Conj           ##..         4%          1
b - Blink                 Tloc           N/A          9%          2
c - Slow                  Hex            #.......     12%         2
d - Call Imp              Summ           ###.....     5%          2

Your spell library contained the following spells:

 Spells                   Type           Power        Failure   Level
 Conjure Flame            Conj/Fire      ##......     21%         3
 Mephitic Cloud           Conj/Pois/Air  #.......     24%         3


Dungeon Overview and Level Annotations

Branches:
Dungeon (4/15)
 Temple: D:4-7

Altars:
The Shining One


Message History

The bullfrog barely misses you.
There is an open door here.
Your crimson imp blinks!
The bullfrog hits you! The bullfrog misses you.
Casting: Call Imp (safe; 5% risk of failure)
Confirm with . or Enter, or press ? or * to list all spells.
Aiming: Slow (safe; 12% risk of failure)
Press: ? - help, Shift-Dir - straight line, f - bullfrog
Aim: a bullfrog (chance to defeat MR: 43%)
The bullfrog resists with some effort.
The bullfrog hits you!
* * * LOW HITPOINT WARNING * * *
Casting: Slow (safe; 12% risk of failure)
Confirm with . or Enter, or press ? or * to list all spells.
Aiming: Slow (safe; 12% risk of failure)
Press: ? - help, Shift-Dir - straight line, f/p - bullfrog
Aim: a bullfrog (chance to defeat MR: 43%)
The bullfrog resists with some effort.
The bullfrog barely misses you. The bullfrog hits you.
You die...

.......# #.#.##.#<#.#.# ......#
#.#. ....#.#.# .....# #.# #
#..#.#.# ....#####+##.#
#.#).#.#.#
............#.#..<...#'##
#######.###..)....#.####.......
.......5..+............+.......
#######5###.......######..รท....
#.# #.5F@....... +.......
#.###5.....#######.......
#).5'......'.....'.....(.
#####......#######.......
#......# #....... ########
#....... ########


You could see a bullfrog, a friendly crimson imp (summoned) and 2 friendly white
imps.

Vanquished Creatures
  An adder (D:2)
  An ooze (D:1)
  A worm (D:2)
  A dart slug (D:1)
  2 leopard geckos (D:1)
  A giant cockroach (D:1)
  A goblin (D:1)
  6 hobgoblins
  4 jackals (D:1)
  A quokka (D:2)
  A ball python (D:1)
  2 bats (D:1)
  4 frilled lizards
  A kobold (D:2)
  6 rats
33 creatures vanquished.

Vanquished Creatures (collateral kills)
  An ogre (D:4)
  A howler monkey (D:3)
  4 adders
  2 dart slugs
  3 leopard geckos (D:3)
  4 orcs (D:3)
  4 giant cockroaches
  3 goblins
  2 jackals (D:4)
  A kobold (D:3)
  2 bats (D:2)
  2 frilled lizards
  A rat (D:2)
30 creatures vanquished.

Grand Total: 63 creatures vanquished

Notes
Turn   | Place    | Note
-------+----------+-------------------------------------------
     0 | D:1      | Borbozo the Deep Elf Hedge Wizard began the quest for the
                  | Orb.
     0 | D:1      | Reached XP level 1. HP: 10/10 MP: 7/7
   458 | D:1      | Reached skill level 5 in Spellcasting
   458 | D:1      | Reached XP level 2. HP: 15/15 MP: 2/10
  1865 | D:1      | Reached XP level 3. HP: 15/19 MP: 1/12
  1948 | D:1      | Learned a level 2 spell: Blink
  1951 | D:1      | Learned a level 2 spell: Slow
  1954 | D:1      | Learned a level 2 spell: Call Imp
  3591 | D:2      | Found a glowing golden altar of the Shining One.
  4264 | D:3      | Reached XP level 4. HP: 24/24 MP: 6/13
  4442 | D:3      | Reached skill level 6 in Spellcasting
  5486 | D:4      | Noticed an ogre
  5496 | D:4      | Killed an ogre
  5496 | D:4      | Reached XP level 5. HP: 28/28 MP: 1/16
  5805 | D:4      | Slain by a bullfrog

Illustrated notes

Levels and vault maps discovered:
D:1:      mrwooster_arrival_statue_2, layout_basic
D:2:      kennysheep_big_flooded_room, layout_loops_ring,
          nicolae_overflow_hidden_temple
D:3:      layout_basic
D:4:      minmay_wonky_spiral, layout_basic, fedhas_bush_and_centaur_altar,
          kennysheep_mini_moat, hellmonk_ghost_happy_afterlife

Skill      XL: |  1  2  3  4 |
---------------+-------------+-----
Spellcasting   | 5 6 |  6.7
Summonings     | 2 |  2.5
Dodging        | |  2.9
Stealth        | |  2.9
Conjurations   | |  1.6
Hexes          | |  0.4
Translocations | |  1.2

Action                   |  1- 3 |  4- 6 || total
-------------------------+-------+-------++-------
Melee: Dagger            |     2 |     1 ||     3
 Cast: Magic Dart        |   117 |       ||   117
       Call Imp          |    22 |    27 ||    49
       Slow              |    12 |     4 ||    16
       Blink             |    11 |       ||    11
  Use: Potion            |     1 |       ||     1
       Scroll            |     1 |     1 ||     2
Armor: Robe              |    23 |     3 ||    26
Dodge: Dodged            |    74 |    16 ||    90

Table legend: (Time is in decaauts)
 A = Elapsed time spent in this place.
 B = Non-inter-level travel time spent in this place.
 C = Inter-level travel time spent in this place.
 D = Time resting spent in this place.
 E = Time spent auto-exploring this place.
 F = Levels seen in this place.
 G = Mean time per level.
                   A        B        C        D        E       F      G
               +--------+--------+--------+--------+--------+-----+--------+
         Total |   5786 |   5786 |      0 |   1847 |      0 |   4 | 1446.5 |
       Dungeon |   5786 |   5786 |      0 |   1847 |      0 |   4 | 1446.5 |
               +--------+--------+--------+--------+--------+-----+--------+

Top non-repeatable levels by time:
     D:1: 2323 daAuts
     D:2: 1959 daAuts
     D:3: 1183 daAuts
     D:4: 318 daAuts
